Map: Odyssey LE

Players

Yata

  • Race: Zerg Zerg
  • League: Platinum
  • Spawn Location: 11:00

kekkers - Winner!

  • Race: Zerg Zerg
  • League: Diamond
  • Spawn Location: 5:00

VOD

Have the link to the VOD?

Description

Time

  • Played on: Oct. 23, 2017, 5:13 p.m.
  • Length: 4:03
Show
View Real Time Build Order
Export as new Build Order

Yata Zerg 

Build Orders: Hatch First 

Get SALT Encoding   

  12  0:01  Drone  
  13  0:08  Drone  
  14  0:16  Overlord  
  14  0:34  Drone  
  14  0:35  Drone x2  
  17  0:55  Drone  
  18  0:57  Hatchery  
  18  0:59  Drone  
  18  1:10  Extractor  
  17  1:16  Spawning Pool  
  17  1:18  Drone  
  17  1:21  Drone  
  18  1:28  Drone  
  19  1:39  Overlord  
  19  1:58  Drone  
  20  2:04  Queen  
  22  2:09  Queen  
  22  2:10  Zergling x4  
  22  2:13  Metabolic Boost  
  26  2:16  Drone  
  27  2:27  Zergling x4  
  29  2:32  Overlord  
  29  2:33  Overlord  
  29  2:38  Baneling Nest  
  28  2:56  Drone x4  
  32  3:16  Drone  
  32  3:17  Drone x3  
  36  3:29  Baneling x2  
  36  3:32  Drone x4  
  36  3:33  Drone x2  
  42  3:38  Zergling x2  
  42  3:39  Zergling x2  
Show
View Real Time Build Order
Export as new Build Order

kekkers Zerg - Winner!

Build Orders: Pool First 

Get SALT Encoding   

  12  0:01  Drone  
  13  0:13  Overlord  
  13  0:24  Drone  
  14  0:35  Drone  
  14  0:36  Drone  
  14  0:37  Drone  
  17  0:47  Spawning Pool  
  16  0:51  Drone  
  16  0:54  Extractor  
  16  1:02  Drone  
  17  1:30  Hatchery  
  16  1:36  Zergling x6  
  19  1:43  Queen  
  21  1:49  Zergling x2  
  22  2:01  Metabolic Boost  
  22  2:04  Overlord  
  24  2:22  Drone x2  
  24  2:31  Baneling Nest  
  24  2:34  Drone  
  24  2:52  Zergling x10  
  24  2:56  Queen  
  31  3:06  Drone  
  32  3:13  Roach Warren  
  31  3:22  Baneling x2  
  31  3:24  Baneling x3  
  31  3:25  Baneling  
  31  3:29  Overlord  
  31  3:37  Drone x2  
  31  3:39  Drone  
  34  3:42  Drone  
Tags
 
Matchup
ZvZ
Race
Zerg
Replay Pack
Pack 1
Spawn Locations
Cross Positions
Add a new tag
Caveats
  • Supply blocks, unpowered buildings, or Contaminate may cause inaccurate times.
  • Supply counts are checked every 10 seconds.